 Seeded DCSS version 0.29.0-11-gd7f09526c8 (webtiles) character file.

Game seed: 3875183420463564524 (custom seed)

17500 bwicke the Carver (level 12, -1/90 HPs)
             Began as an Octopode Gladiator on Sept 6, 2022.
             Was a Believer of the Shining One.
             Slain by a yak (9 damage)
             ... on level 1 of the Lair of Beasts on Sept 7, 2022.
             The game lasted 00:39:55 (11832 turns).

bwicke the Carver (Octopode Gladiator)             Turns: 11832, Time: 00:39:56

Health: -1/90      AC:  1    Str: 13    XL:     12   Next: 48%
Magic:  19/22      EV: 13    Int: 19    God:    the Shining One [**....]
Gold:   1198       SH: 32    Dex: 31    Spells: 11/11 levels left

rFire   + + .      SeeInvis +   E - +9 scimitar of Punishment {speed, rCorr}
rCold   + . .      Faith    .   J - +5 tower shield of Getoti {rElec rF+ Dex+3}
rNeg    + + .      Spirit   .   b - +0 hat
rPois   .          Reflect  .   u - amulet of the acrobat
rElec   +          Harm     .   B - +6 ring of intelligence
rCorr   +          Rampage  .   l - +6 ring of dexterity
Will    ++...                   v - ring of protection from fire
Stlth   ++........              P - +6 ring of dexterity
HPRegen 0.25/turn               K - ring of see invisible
MPRegen 0.18/turn               S - ring of positive energy
                                T - ring of willpower
                                I - ring "Oxtey" {rC+ Will+ MP+9}

@: divinely shielded, glowing
A: almost no armour, amphibious, 8 rings, camouflage 1, gelatinous body 1,
(nimble swimmer 1), tentacles
a: Renounce Religion, Divine Shield


You were on level 1 of the Lair of Beasts.
You worshipped the Shining One.
The Shining One was pleased with you.
You visited 3 branches of the dungeon, and saw 13 of its levels.
You also visited: Bailey.

You collected 1366 gold pieces.
You spent 168 gold pieces at shops.

Inventory:

Hand Weapons
 k - a +0 scimitar of flaming
 y - the +10 mace "Bolueq" {freeze, rElec Stlth+}
   (You found it on level 4 of the Dungeon)

   It freezes those it strikes, dealing additional cold damage.
   It can also slow down cold-blooded creatures.
   rElec:     It insulates you from electricity.
   Stlth:     It makes you more stealthy.
 E - the +9 scimitar of Punishment (weapon) {speed, rCorr}
   (You found it on level 4 of the Dungeon)

   Attacks with this weapon are significantly faster.
   rCorr:     It protects you from acid and corrosion.
 H - a +0 vorpal sling
 L - a +2 spear of venom
 Y - a +2 dagger of holy wrath
Missiles
 c - 5 throwing nets (quivered)
 g - 4 silver boomerangs
 r - 7 atropa-tipped darts
 X - 2 curare-tipped darts
Armour
 b - a +0 hat (worn)
 F - a +2 buckler
 J - the +5 tower shield of Getoti (worn) {rElec rF+ Dex+3}
   (You found it on level 5 of the Dungeon)

   Dex:       It affects your dexterity (+3).
   rF:        It protects you from fire.
   rElec:     It insulates you from electricity.
Jewellery
 e - a ring of fire
 i - a +6 ring of strength
 l - a +6 ring of dexterity (right tentacle)
 q - a ring of resist corrosion
 u - an amulet of the acrobat (around mantle)
 v - a ring of protection from fire (on tentacle)
 B - a +6 ring of intelligence (left tentacle)
 G - an amulet of reflection
 I - the ring "Oxtey" (on tentacle) {rC+ Will+ MP+9}
   (You found it in a bailey)

   [ring of magical power]

   rC:        It protects you from cold.
   MP:        It affects your magic capacity (+9).
   Will:      It increases your willpower.
 K - a ring of see invisible (on tentacle)
 P - a +6 ring of dexterity (on tentacle)
 S - a ring of positive energy (on tentacle)
 T - a ring of willpower (on tentacle)
 W - an amulet of faith
Wands
 d - a wand of mindburst (21)
 f - a wand of digging (2)
 w - a wand of roots (21)
 N - a wand of polymorph (14)
 Q - a wand of light (9)
 Z - a wand of paralysis (7)
Scrolls
 n - 5 scrolls of blinking
 o - 4 scrolls of vulnerability
 p - 4 scrolls of magic mapping
 s - 2 scrolls of fear
 x - 2 scrolls of immolation
 D - 6 scrolls of teleportation
 U - a scroll of silence
Potions
 a - 3 potions of magic {unknown}
 h - 2 potions of resistance {unknown}
 j - 3 potions of berserk rage {unknown}
 m - 2 potions of invisibility {unknown}
 t - 6 potions of curing
 z - 3 potions of brilliance {unknown}
 A - 11 potions of might
 C - a potion of ambrosia {unknown}
 M - 2 potions of flight {unknown}
 O - 2 potions of mutation {unknown}
 R - 2 potions of heal wounds
 V - a potion of haste {unknown}


   Skills:
 - Level 11.1 Fighting
 - Level 14.0 Long Blades
 - Level 2.0 Throwing
 - Level 3.0 Dodging
 - Level 10.0 Shields
 + Level 2.0 Invocations


You had 11 spell levels left.
You didn't know any spells.
Your spell library contained the following spells:

 Spells                   Type           Power      Damage    Failure   Level
 Beastly Appendage        Tmut           0%         N/A       77%         1
 Sting                    Tmut/Pois      0%         1d3       77%         1
 Ensorcelled Hibernation  Hex/Ice        0%         N/A       88%         2
 Passwall                 Tmut/Erth      0%         N/A       88%         2
 Poisonous Vapours        Pois/Air       0%         N/A       88%         2
 Static Discharge         Conj/Air       0%         3-3/arc   88%         2
 Call Canine Familiar     Summ           0%         N/A       98%         3
 Portal Projectile        Hex/Tloc       0%         N/A       98%         3
 Stone Arrow              Conj/Erth      0%         3d7       98%         3
 Summon Guardian Golem    Hex/Summ       0%         N/A       98%         3
 Swiftness                Air            0%         N/A       98%         3
 Tukima's Dance           Hex            0%         N/A       98%         3
 Dispel Undead            Necr           0%         3d6       100%        4
 Leda's Liquefaction      Hex/Erth       0%         N/A       100%        4
 Olgreb's Toxic Radiance  Pois           0%         N/A       100%        4
 Passage of Golubria      Tloc           0%         N/A       100%        4
 Sticky Flame             Conj/Fire      0%         2d3       100%        4
 Irradiate                Conj/Tmut      0%         3d11      100%        5
 Yara's Violent Unravell  Hex/Tmut       0%         3d3       100%        5
 Orb of Destruction       Conj           0%         9d5       100%        7
 Spellforged Servitor     Conj/Summ      0%         N/A       100%        7
 Lehudib's Crystal Spear  Conj/Erth      0%         10d2      100%        8
 Animate Armour           Summ/Erth      Unusable   N/A       N/A         4

Dungeon Overview and Level Annotations

Branches:
Dungeon (11/15)            Temple (1/1) D:7            Lair (1/5) D:10
    Orc (0/2) D:10         Bailey (visited)

Altars:
Ashenzari
Cheibriados
Dithmenos
Elyvilon
Fedhas
Gozag
Hepliaklqana
Kikubaaqudgha
Makhleb
Nemelex Xobeh
Okawaru
Qazlal
Ru
Sif Muna
Trog
Uskayaw
Vehumet
Wu Jian
Xom
Yredelemnul
Zin
The Shining One

Shops:
D:3 !   D:4 =   D:7 *

Portals:
Trove: D:10 (show slimy rune of Zot)
Gauntlet: Lair:1


Innate Abilities, Weirdness & Mutations

You cannot wear most types of armour.
You are amphibious.
You can wear up to eight rings at the same time.
Your skin changes colour to match your surroundings (Stealth+).
Your rubbery body absorbs attacks. (AC +1, EV +1)
((You are camouflaged when in or above water. (Stealth+)))
You have tentacles for arms and can constrict up to eight enemies at once.


Message History

You slice the yak!!
The yak is severely wounded.
You slice the yak!!
You kill the yak!
The yak gores you!
* * * LOW HITPOINT WARNING * * *
You completely miss the yak. You squeeze the yak, but do no damage.
The yak is lightly wounded.
You hear the thunderous beating of a drum very nearby.
You completely miss the yak. You squeeze the yak.
The yak is lightly wounded.
You block the yak's attack.
You slice the yak!! You squeeze the yak.
The yak is severely wounded.
You slash the yak!
You kill the yak!
The yak gores you!
* * * LOW HITPOINT WARNING * * *
Your Invocations skill increases to level 1!
You feel much better. The yak gores you!
* * * LOW HITPOINT WARNING * * *
You slice the yak!!
The yak is severely wounded.
Your shield is strengthened by the Shining One's divine power.
The yak gores you!
* * * LOW HITPOINT WARNING * * *
You slice the yak!!
You kill the yak!
Your Invocations skill increases to level 2!
You slice the yak!! You squeeze the yak.
The yak is heavily wounded.
You block the yak's attack.
You slash the yak! You squeeze the yak, but do no damage.
The yak is almost dead.
You hit the yak.
The yak is almost dead.
You slash the yak!
You kill the yak!
The yak gores you!
You die...

,* *#..~..~~..~..## ,*
#.~..~..~..≈.# ,* #....~..~...##
,* ###.≈..^.~.## *** ,*
*#############.######,*** ***
**,.....######.........,,,
,,******,,##.#..#.............,,,
,,,*,,,,,.#.....##............,,,
,,,,,,,,,#......@#............,,,
,,,,,,,,,#.#...#Y#............,,,
,,,,,,,,,*,#.⌠.#†.......∩.....,,,
,,,*,,,,,,,#...†..........$...,,,
,,********,#.....#....^......,,,,
*** *#.h....#####.......,,,,, **
****.#.#+.#* *,..###.******
,*****,,,*#,...,****,.## ***
,*,**,⌠,,*,#.#.*,**,⌠..*


You could see a yak.

Vanquished Creatures
  A hydra (Lair:1)
  Erica (D:11)
  3 two-headed ogres (D:10)
  Pikel (D:5)
  Joseph (D:9)
  Maurice (D:8)
  2 cane toads (Lair:1)
  Maggie (D:7)
  A rime drake (Lair:1)
  A komodo dragon (Lair:1)
  A troll (D:10)
  2 hornets
  Prince Ribbit (D:6)
  Grinder (D:4)
  A blink frog (Lair:1)
  A wraith (D:10)
  19 yaks
  A vampire (D:10)
  A wyvern (D:9)
  4 basilisks
  4 steam dragons
  Grum (D:8)
  Duvessa (D:6)
  An acid dragon (D:10)
  A swamp drake (D:10)
  4 black bears
  5 water moccasins
  12 orc warriors
  2 sky beasts
  An ice beast (D:6)
  4 centaurs
  2 ogres (D:5)
  8 wolves
  A lemure (D:5)
  2 phantoms
  5 kobold brigands
  8 bullfrogs
  A necrophage (D:8)
  A gnoll sergeant (D:6)
  3 scorpions
  Dowan (D:6)
  6 killer bees (D:9)
  2 electric eels
  4 howler monkeys
  4 jellies
  10 orc priests
  A hound (D:7)
  A gnoll bouda (D:5)
  11 orc wizards
  4 iguanas
  3 adders
  14 gnolls
  A white imp (D:8)
  An ufetubus (D:5)
  A worm (D:2)
  A dart slug (D:1)
  56 orcs
  11 endoplasms
  2 giant cockroaches
  9 goblins
  8 hobgoblins
  3 jackals (D:2)
  27 kobolds
  4 quokkas
  2 ball pythons (D:2)
  8 bats
  4 frilled lizards
  8 rats
319 creatures vanquished.

Vanquished Creatures (others)
  A wizard (D:7)
  An orc (D:10)
  4 plants
6 creatures vanquished.

Grand Total: 325 creatures vanquished

Notes
Turn   | Place    | Note
-------+----------+-------------------------------------------
     0 | D:1      | bwicke the Octopode Gladiator began the quest for the Orb.
     0 | D:1      | Reached XP level 1. HP: 14/14 MP: 1/1
   244 | D:1      | Reached XP level 2. HP: 19/19 MP: 2/2
   388 | D:1      | Reached skill level 4 in Long Blades
   644 | D:1      | Reached XP level 3. HP: 24/24 MP: 3/3
  1413 | D:2      | Found a faded altar of an unknown god.
  2390 | D:3      | Reached skill level 5 in Long Blades
  2390 | D:3      | Reached XP level 4. HP: 15/29 MP: 4/4
  2544 | D:3      | Found Eskeli's Distillery.
  3183 | D:4      | Found Ycwi's Jewellery Shoppe.
  3197 | D:4      | Identified the +10 mace "Bolueq" {freeze, rElec Stlth+}
  3201 | D:4      | Reached XP level 5. HP: 19/34 MP: 5/5
  3455 | D:4      | Reached skill level 6 in Long Blades
  3528 | D:4      | Identified the +9 scimitar of Punishment {speed, rCorr}
  3614 | D:4      | Found a sparkling altar of Nemelex Xobeh.
  3618 | D:4      | Noticed Grinder
  3647 | D:4      | Paralysed by Grinder for 5 turns
  3656 | D:4      | Killed Grinder
  3657 | D:4      | Reached XP level 6. HP: 35/39 MP: 6/6
  3689 | D:4      | Noticed a black bear
  3696 | D:4      | Killed a black bear
  3697 | D:4      | Reached XP level 7. HP: 45/45 MP: 7/7
  3868 | D:5      | Entered Level 5 of the Dungeon
  4084 | D:5      | Reached skill level 5 in Shields
  4107 | D:5      | Noticed Pikel
  4125 | D:5      | Killed Pikel
  4126 | D:5      | Reached XP level 8. HP: 41/50 MP: 8/8
  4317 | D:5      | Reached skill level 7 in Long Blades
  4321 | D:5      | Identified the +5 tower shield of Getoti {rElec rF+ Dex+3}
  4636 | D:5      | Reached skill level 8 in Long Blades
  4673 | D:5      | Found a hazy altar of Hepliaklqana.
  4687 | D:5      | Found a stormy altar of Qazlal.
  4696 | D:5      | Found an iron altar of Okawaru.
  4706 | D:5      | Found a shimmering blue altar of Sif Muna.
  4962 | D:5      | Found a radiant altar of Vehumet.
  5154 | D:6      | Reached XP level 9. HP: 50/54 MP: 9/9
  5155 | D:6      | Noticed Duvessa
  5155 | D:6      | Noticed Dowan
  5162 | D:6      | Killed Duvessa
  5163 | D:6      | Reached skill level 9 in Long Blades
  5168 | D:6      | Killed Dowan
  5252 | D:6      | Found an opulent altar of Gozag.
  5372 | D:6      | Reached skill level 10 in Long Blades
  5509 | D:6      | Noticed Prince Ribbit
  5524 | D:6      | Killed Prince Ribbit
  5853 | D:7      | Reached skill level 11 in Long Blades
  5927 | D:7      | Noticed Maggie
  5943 | D:7      | Killed Maggie
  5944 | D:7      | Reached XP level 10. HP: 21/60 MP: 10/10
  5946 | D:7      | Reached skill level 12 in Long Blades
  6480 | D:7      | Got the Discourse on Mutagenic Guile
  6502 | D:7      | Found Suluolon's Assorted Antiques.
  6514 | D:7      | Bought a scroll labelled TINULA IFEU for 24 gold pieces
  6515 | D:7      | Bought a scroll of identify for 48 gold pieces
  6515 | D:7      | Bought a scroll of identify for 48 gold pieces
  6515 | D:7      | Bought a scroll of identify for 48 gold pieces
  6534 | D:7      | Found a bloodstained altar of Trog.
  6535 | D:7      | Noticed a wizard
  6541 | D:7      | Killed a wizard
  6568 | D:7      | Found a staircase to the Ecumenical Temple.
  6577 | Temple   | Entered the Ecumenical Temple
  6577 | Temple   | Found a transporter.
  6577 | Temple   | Found a transporter.
  6579 | Temple   | Found a transporter.
  6579 | Temple   | Found a transporter.
  6638 | Temple   | Became a worshipper of the Shining One
  7082 | D:8      | Noticed Maurice
  7093 | D:8      | Killed Maurice
  7175 | D:8      | Found a flagged portal.
  7182 | D:8      | Reached skill level 13 in Long Blades
  7220 | Bailey   | Entered a bailey
  7521 | Bailey   | Identified the ring "Oxtey" {rC+ Will+ MP+9}
  7874 | D:8      | Reached skill level 14 in Long Blades
  7881 | D:8      | Reached * piety under the Shining One
  7924 | D:8      | Noticed Grum
  7932 | D:8      | Killed Grum
  8263 | D:9      | Reached XP level 11. HP: 44/64 MP: 11/11
  8557 | D:9      | Noticed Joseph
  8564 | D:9      | Killed Joseph
  8996 | D:10     | Entered Level 10 of the Dungeon
  9062 | D:10     | Found a blossoming altar of Fedhas.
  9123 | D:10     | Reached skill level 10 in Shields
  9131 | D:10     | Found a staircase to the Orcish Mines.
  9143 | D:10     | Noticed a two-headed ogre
  9150 | D:10     | Killed a two-headed ogre
  9322 | D:10     | Found a glowing silver altar of Zin.
  9362 | D:10     | Noticed a two-headed ogre
  9370 | D:10     | Killed a two-headed ogre
  9394 | D:10     | Found a staircase to the Lair.
  9583 | D:10     | Found an ancient bone altar of Kikubaaqudgha.
  9593 | D:10     | Noticed a two-headed ogre
  9599 | D:10     | Killed a two-headed ogre
  9600 | D:10     | Reached skill level 5 in Fighting
  9703 | D:10     | Found a portal to a secret trove of treasure.
 10663 | D:11     | Reached ** piety under the Shining One
 10695 | D:11     | Reached XP level 12. HP: 75/84 MP: 12/12
 10962 | D:11     | Noticed Erica
 10976 | D:11     | Killed Erica
 11554 | Lair:1   | Entered Level 1 of the Lair of Beasts
 11617 | Lair:1   | Noticed a five-headed hydra
 11627 | Lair:1   | Reached skill level 10 in Fighting
 11631 | Lair:1   | Killed a three-headed hydra
 11781 | Lair:1   | Found a gate leading to a gauntlet.
 11825 | Lair:1   | Reached skill level 1 in Invocations
 11832 | Lair:1   | Slain by a yak

Illustrated notes

Levels and vault maps discovered:
D:1:      elethiomel_arrival_infinity_welcomes_careful_drivers, layout_basic
D:2:      layout_basic, shapermc_ecumenical_altar_starsandcircs,
          roderic_lattice_a, kennysheep_potato
D:3:      layout_loops_ring, serial_shops, nicolae_shop_behind_doors,
          corexii_leaking_fountain
D:4:      layout_rooms, amcnicky_altar_gilded, serial_shops,
          nicolae_stop_n_shop_2, uniq_grinder
D:5:      layout_basic, kennysheep_mini, grunt_temple_overflow_cloverleaf,
          uniq_pikel
D:6:      layout_basic, lemuel_doored_altar, uniq_duvessa, uniq_prince_ribbit1
D:7:      layout_basic, trog_wizard, minmay_temple_entry_junction, serial_shops,
          shop, uniq_maggie
D:8:      layout_basic, enter_bailey_3, uniq_maurice, uniq_grum
D:9:      layout_rooms, nicolae_lava_and_water, serial_bayou_lake_a, uniq_joseph
D:10:     minmay_polygon_palace, layout_basic, kennysheep_mini_moat,
          mainiacjoe_overflow_cross_hatched, mainiacjoe_overflow_tiny_flanked,
          lair_entry_dummy, erik_orc_1, enter_trove_3
D:11:     layout_basic, minmay_misc_feat_pillars,
          hangedman_abyss_or_decor_stagger, uniq_erica
Temple:   hellmonk_temple_divided_pantheon
Lair:1:   lemuel_reptile_caves, layout_hall_layers, gauntlet_entry_generic,
          nzn_random_ring, grunt_megastairs_1

Skill      XL: |  1  2  3  4  5  6  7  8  9 10 11 12 |
---------------+-------------------------------------+-----
Long Blades    | 4 5 6 8 11 14 | 14.0
Shields        | 3 4 7 8 10 | 10.0
Fighting       | 8 11 | 11.1
Invocations    | 2 |  2.0
Throwing       | |  2.0
Dodging        | |  3.0

Action                   |  1- 3 |  4- 6 |  7- 9 | 10-12 || total
-------------------------+-------+-------+-------+-------++-------
Melee: Long sword        |    73 |    32 |       |       ||   105
       Constrict         |    24 |    12 |    30 |    74 ||   140
       Tentacles         |    14 |    10 |    32 |    83 ||   139
       Mace              |       |    14 |       |       ||    14
       Scimitar          |       |     4 |   127 |   378 ||   509
       Punch             |       |       |     2 |     4 ||     6
       Unarmed           |       |       |       |     2 ||     2
Throw: Dart              |     2 |       |     3 |     2 ||     7
       Throwing net      |       |     1 |     4 |       ||     5
       Javelin           |       |       |       |     1 ||     1
Invok: Divine Shield     |       |       |       |     1 ||     1
Evoke: Wand              |       |       |     1 |     1 ||     2
  Use: Scroll            |       |       |     6 |     8 ||    14
       Potion            |       |       |       |     5 ||     5
 Stab: Sleeping          |     7 |     6 |     7 |     1 ||    21
       Held in net/web   |       |       |     4 |       ||     4
       Distracted        |       |       |     1 |       ||     1
Armor: Skin              |     7 |     5 |     1 |     2 ||    15
Dodge: Dodged            |    51 |    25 |    28 |    60 ||   164
Block: Buckler           |       |       |    15 |       ||    15
       Tower shield      |       |       |    63 |   272 ||   335
